 Dungeon Crawl Stone Soup version 0.29.1-12-g30fa7ad0bf (webtiles) character file.

Game seed: 1630487486143800796

77 NotreDorf the Ducker (level 4, -2/35 HPs)
             Began as a Merfolk Gladiator on Dec 26, 2022.
             Succumbed to a gnoll's poison
             ... on level 2 of the Dungeon.
             The game lasted 00:03:44 (1427 turns).

NotreDorf the Ducker (Merfolk Gladiator)            Turns: 1427, Time: 00:03:45

Health: -2/35      AC: 10    Str: 16    XL:     4   Next: 34%
Magic:  4/4        EV: 12    Int: 10    God:
Gold:   56         SH:  0    Dex: 15    Spells: 3/3 levels left

rFire   + . .      SeeInvis .   a - +0 trident
rCold   . . .      Faith    .   (no shield)
rNeg    . . .      Spirit   .   p - +2 ring mail {rF+}
rPois   .          Reflect  .   o - +2 helmet {Int+3}
rElec   .          Harm     .   (no cloak)
rCorr   .          Rampage  .   (no gloves)
Will    .....                   (no boots)
Stlth   +.........              (no amulet)
HPRegen 0.11/turn               (no ring)
MPRegen 0.09/turn               (no ring)

@: lethally poisoned (-2 -> -18)
A: (nimble swimmer 2), mertail
a: no special abilities


You were on level 2 of the Dungeon.
You visited 1 branch of the dungeon, and saw 2 of its levels.

You collected 56 gold pieces.

Inventory:

Hand Weapons
 a - a +0 trident (weapon)
Missiles
 d - 3 throwing nets (quivered)
Armour
 o - a +2 helmet of intelligence (worn)
 p - a +2 ring mail of fire resistance (worn)
Scrolls
 c - 2 scrolls of magic mapping {unknown}
 g - a scroll of fear {unknown}
 h - a scroll of enchant weapon {unknown}
 i - a scroll of noise {unknown}
 j - a scroll of teleportation {unknown}
 k - a scroll of vulnerability {unknown}
 m - a scroll of immolation {unknown}
 n - a scroll of blinking {unknown}
 q - a scroll of identify {unknown}
Potions
 f - 2 potions of curing {unknown}
 l - a potion of attraction {unknown}


   Skills:
 + Level 3.1 Fighting
 + Level 4.8 Polearms
 - Level 2.0 Throwing
 + Level 4.8 Dodging
 + Level 2.0 Stealth


You had 3 spell levels left.
You didn't know any spells.
Your spell library contained the following spells:

 Spells                   Type           Power      Damage    Failure   Level
 Necrotise                Necr           0%         1d4       58%         1
 Vampiric Draining        Necr           0%         2d6       91%         3
 Agony                    Necr           0%         N/A       100%        5


Dungeon Overview and Level Annotations

Branches:
Dungeon (2/15)

Altars:

Shops:
D:1 (


Innate Abilities, Weirdness & Mutations

((You are very nimble when in or above water. (Stealth+, EV+, Speed+++)))
Your lower body shifts to a powerful aquatic tail in water.


Message History

You have reached level 4!
You puncture the endoplasm!
You kill the endoplasm!
You reach to attack!
You barely miss the gnoll. The gnoll hits you but does no damage.
You are poisoned.
You reach to attack!
You hit the gnoll.
The gnoll is lightly wounded.
You feel very sick. The gnoll hits you but does no damage.
You are more poisoned.
You reach to attack!
You puncture the gnoll!
The gnoll is severely wounded.
You feel very sick.
The gnoll hits you from afar with a +2 halberd of venom.
You are lethally poisoned!
The gnoll barely misses you.
You reach to attack!
You hit the gnoll.
The gnoll is almost dead.
You feel very sick. The gnoll misses you.
You reach to attack!
You hit the gnoll but do no damage.
The gnoll is almost dead.
You feel very sick.
The gnoll hits you from afar with a +2 halberd of venom.
You are more poisoned.
You are too injured to fight recklessly!
You are too injured to fight recklessly!
Reach: a) +0 trident
Press: ? - help, Dir - move target, f/p - gnoll
Aim: a gnoll, wielding a +2 halberd of venom (almost dead, about 36% to evade your +0 trident)
You reach to attack!
You puncture the gnoll!
You kill the gnoll!
* * * LOW HITPOINT WARNING * * *
You feel very sick.
Your Stealth skill increases to level 2!
* * * LOW HITPOINT WARNING * * *
You feel very sick.
You see here a +0 club.
You die...

#.......#......#
#.......+......+
#.......#......#
#.......#......####
#########.......#.........#
........#.......#......##.#
........................#.#
........................#.#
...........##@##....(.....#
....#......##)##.......##.#
...........##.##......(##)#
...........##.#####.#####.#
...........##.# #.#.....#
#...........##.# #.#.#####
#...........##.# #.#.#
###.....#####'##.#####+#.##
........##.......#..).....###


There were no monsters in sight!

Vanquished Creatures
  4 gnolls (D:2)
  An adder (D:2)
  A worm (D:2)
  3 endoplasms
  3 giant cockroaches (D:1)
  3 goblins
  3 hobgoblins (D:1)
  A quokka (D:1)
  3 ball pythons (D:1)
  4 bats
  A frilled lizard (D:2)
  A kobold (D:1)
  A rat (D:1)
29 creatures vanquished.

Notes
Turn   | Place    | Note
-------+----------+-------------------------------------------
     0 | D:1      | NotreDorf the Merfolk Gladiator began the quest for the
                  | Orb.
     0 | D:1      | Reached XP level 1. HP: 16/16 MP: 1/1
   147 | D:1      | Reached XP level 2. HP: 23/23 MP: 2/2
   336 | D:1      | Found a faded altar of an unknown god.
   416 | D:1      | Reached skill level 1 in Stealth
   657 | D:1      | Found Becighaz's Antique Weapon Shop.
   744 | D:2      | Reached XP level 3. HP: 28/28 MP: 3/3
  1419 | D:2      | Reached XP level 4. HP: 34/35 MP: 4/4
  1426 | D:2      | HP: 1/35 [poisoned by a gnoll]
  1427 | D:2      | Succumbed to a gnoll's poison

Illustrated notes

Levels and vault maps discovered:
D:1:      elethiomel_arrival_quiet, layout_basic, serial_shops, shop,
          dreamdust_ecumenical_altar_statues, st_stairs_13,
          chequers_serial_rivers_marsh, minmay_tripent
D:2:      layout_basic, uniq_terence

Skill      XL: |  1  2  3  4 |
---------------+-------------+-----
Stealth        | 1 2 |  2.0
Fighting       | 3 |  3.1
Polearms       | |  4.8
Throwing       | |  2.0
Dodging        | |  4.8

Action                   |  1- 3 |  4- 6 || total
-------------------------+-------+-------++-------
Melee: Trident           |   103 |     7 ||   110
       Tailslap          |     1 |       ||     1
 Stab: Sleeping          |     1 |       ||     1
Armor: Leather armour    |    16 |       ||    16
       Ring mail         |     2 |     2 ||     4
Dodge: Dodged            |    55 |     2 ||    57
